AA
GARY SOUTHSHORE RAILCATS @ CHICAGO DOGS
07/13/2099
 
TOP OF THE 1ST
Washington Whalers batting - Pitching for Fargo-Moorhead RedHawks : RHP Frank Neary
Pitching: RHP Frank Neary
Batting: RHB Bill Galdamez 0-0: Called Strike
0-1: SOLO HOME RUN (Flyball, 9LD, EV 95.0 MPH), Distance : 354 ft
Batting: LHB Matt DeVito 0-0: Foul Ball, location: 2F
0-1: Ball
1-1: Foul Ball, location: 25FF
1-2: Foul Ball, location: 7LMF
1-2: Ball
2-2: SOLO HOME RUN (Flyball, 9LD, EV 87.5 MPH), Distance : 328 ft
Batting: LHB Greg Lepley 0-0: Foul Ball, location: 25F
0-1: DOUBLE (Line Drive, 78M, EV 106.3 MPH)
Batting: LHB Manuel Fuentes 0-0: Foul Ball, location: 2F
0-1: 2-RUN HOME RUN (Flyball, 9LD, EV 95.0 MPH), Distance : 341 ft
Batting: RHB Michinobu Umetsu 0-0: Ball
1-0: Ball
2-0: Fly out, F4 (Popup, 4MS, EV 73.8 MPH)
Batting: LHB Caleb Mattingly 0-0: Ball
1-0: Ball
2-0: Foul Ball, location: 9LDF
2-1: Foul Ball, location: 2F
2-2: Ball
3-2: Fly out, F7 (Flyball, 7D, EV 105.0 MPH)
Batting: RHB Gabe Plaza 0-0: Ball
1-0: Called Strike
1-1: Ball
2-1: Ball
3-1: Foul Ball, location: 2F
3-2: Fly out, F9 (Flyball, 9LD, EV 90.0 MPH)
Top of the 1st over - 4 runs, 4 hits, 0 errors, 0 left on base; Washington 4 - Fargo-Moorhead 0
BOTTOM OF THE 1ST
Fargo-Moorhead RedHawks batting - Pitching for Washington Whalers : RHP Steven Estes
Pitching: RHP Steven Estes
Batting: LHB Corey Olsen 0-0: Foul Ball, location: 7LDF
0-1: Fly out, F6 (Popup, 6, EV 71.3 MPH)
Batting: RHB John Keddie 0-0: Ball
1-0: Ball
2-0: Ball
3-0: Base on Balls
Batting: RHB Victor Rodriguez 0-0: Called Strike
0-1: SINGLE (Line Drive, 5D, EV 96.9 MPH)
John Keddie to second
Batting: LHB Ben Grosser 0-0: Foul Ball, location: 5FF
0-1: Foul Ball, location: 7LDF
0-2: Ball
1-2: SINGLE (Groundball, 34D, EV 100.0 MPH)
John Keddie to third
Victor Rodriguez to second
Batting: RHB Hector Gonzales 0-0: Swinging Strike
0-1: Swinging Strike
0-2: Strikes out swinging
Batting: RHB Juan Chavez 0-0: Foul Ball, location: 2RF
0-1: Ball
Wild Pitch!
John Keddie scores
Victor Rodriguez to third
Ben Grosser to second
1-1: Fly out, F8 (Line Drive, 8RD, EV 93.8 MPH)
Bottom of the 1st over - 1 run, 2 hits, 0 errors, 2 left on base; Washington 4 - Fargo-Moorhead 1
TOP OF THE 2ND
Washington Whalers batting - Pitching for Fargo-Moorhead RedHawks : RHP Frank Neary
Batting: RHB Colby Magee 0-0: Called Strike
0-1: Ball
1-1: Foul Ball, location: 2LF
1-2: Strikes out swinging
Batting: RHB Miguel Valensuela 0-0: SINGLE (Groundball, 34D, EV 107.5 MPH)
Batting: RHB Bill Galdamez 0-0: Called Strike
0-1: Ball
1-1: Grounds into double play, 6-4-3 (Groundball, 6M, EV 86.9 MPH)
Top of the 2nd over - 0 runs, 1 hit, 0 errors, 0 left on base; Washington 4 - Fargo-Moorhead 1
BOTTOM OF THE 2ND
Fargo-Moorhead RedHawks batting - Pitching for Washington Whalers : RHP Steven Estes
Batting: SHB Danny Duran 0-0: Called Strike
0-1: Ball
1-1: Called Strike
1-2: Foul Ball, location: 9LSF
1-2: Ball
2-2: Fly out, F8 (Flyball, 8LM, EV 91.9 MPH)
Batting: LHB Nate Fitzhugh 0-0: Swinging Strike
0-1: DOUBLE (Groundball, 3L, EV 107.5 MPH)
Batting: RHB Jim James 0-0: Foul Ball, location: 2F
0-1: Foul Ball, location: 3SF
0-2: Foul Ball, location: 7LDF
0-2: Strikes out swinging
Batting: LHB Corey Olsen 0-0: Called Strike
0-1: Foul Ball, location: 2F
0-2: Strikes out looking
Bottom of the 2nd over - 0 runs, 1 hit, 0 errors, 1 left on base; Washington 4 - Fargo-Moorhead 1
TOP OF THE 3RD
Washington Whalers batting - Pitching for Fargo-Moorhead RedHawks : RHP Frank Neary
Batting: LHB Matt DeVito 0-0: Ball
1-0: Ball
2-0: Called Strike
2-1: SINGLE (Line Drive, 4MD, EV 96.3 MPH)
Batting: LHB Greg Lepley 0-0: Ball
1-0: Fielders Choice at 2nd, 6-4 (Groundball, 6, EV 87.5 MPH)
Batting: LHB Manuel Fuentes 0-0: Called Strike
0-1: Ball
1-1: Foul Ball, location: 3DF
1-2: Strikes out swinging
Batting: RHB Michinobu Umetsu 0-0: Ball
1-0: Fly out, F3 (Popup, 3SF, EV 78.1 MPH)
Top of the 3rd over - 0 runs, 1 hit, 0 errors, 1 left on base; Washington 4 - Fargo-Moorhead 1
BOTTOM OF THE 3RD
Fargo-Moorhead RedHawks batting - Pitching for Washington Whalers : RHP Steven Estes
Batting: RHB John Keddie 0-0: Called Strike
0-1: Called Strike
0-2: Ball
1-2: Fly out, F9 (Flyball, 89M, EV 93.1 MPH)
Batting: RHB Victor Rodriguez 0-0: Ball
1-0: Swinging Strike
1-1: Ball
2-1: Ball
3-1: Base on Balls
Batting: LHB Ben Grosser 0-0: Called Strike
0-1: Foul Ball, location: 2F
0-2: Foul Ball, location: 3SF
0-2: Fly out, F8 (Flyball, 8RS, EV 86.3 MPH)
Batting: RHB Hector Gonzales 0-0: Ground out 6-3 (Groundball, 6S, EV 83.1 MPH)
Bottom of the 3rd over - 0 runs, 0 hits, 0 errors, 1 left on base; Washington 4 - Fargo-Moorhead 1
TOP OF THE 4TH
Washington Whalers batting - Pitching for Fargo-Moorhead RedHawks : RHP Frank Neary
Batting: LHB Caleb Mattingly 0-0: Ball
1-0: Foul Ball, location: 5FF
1-1: Ground out 5-3 (Groundball, 56, EV 103.1 MPH)
Batting: RHB Gabe Plaza 0-0: Ball
1-0: Called Strike
1-1: Ball
2-1: DOUBLE (Flyball, 89D, EV 101.9 MPH)
Batting: RHB Colby Magee 0-0: Ball
1-0: Ground out 4-3 (Groundball, 4MD, EV 99.4 MPH)
Gabe Plaza to third
Batting: RHB Miguel Valensuela 0-0: Ball
1-0: Ball
2-0: Ball
3-0: Called Strike
3-1: Called Strike
3-2: Base on Balls
Batting: RHB Bill Galdamez 0-0: Ball
1-0: Called Strike
1-1: Called Strike
1-2: Ball
2-2: Ball
3-2: Fly out, F8 (Line Drive, 8RS, EV 92.5 MPH)
Top of the 4th over - 0 runs, 1 hit, 0 errors, 2 left on base; Washington 4 - Fargo-Moorhead 1
BOTTOM OF THE 4TH
Fargo-Moorhead RedHawks batting - Pitching for Washington Whalers : RHP Steven Estes
Batting: RHB Juan Chavez 0-0: Ball
1-0: Ball
2-0: Called Strike
2-1: Swinging Strike
2-2: Ground out U3 (Groundball, 34S, EV 89.4 MPH)
Batting: SHB Danny Duran 0-0: Ball
1-0: Foul Ball, location: 7LMFF
1-1: Called Strike
1-2: Foul Ball, location: 2F
1-2: Foul Ball, location: 2F
1-2: Foul Ball, location: 7LMF
1-2: Ground out 4-3 (Groundball, 4M, EV 81.9 MPH)
Batting: LHB Nate Fitzhugh 0-0: Ground out 4-3 (Groundball, 4, EV 85.0 MPH)
Bottom of the 4th over - 0 runs, 0 hits, 0 errors, 0 left on base; Washington 4 - Fargo-Moorhead 1
TOP OF THE 5TH
Washington Whalers batting - Pitching for Fargo-Moorhead RedHawks : RHP Frank Neary
Batting: LHB Matt DeVito 0-0: Ball
1-0: Called Strike
1-1: Foul Ball, location: 7LDF
1-2: Foul Ball, location: 2F
1-2: Ground out 4-3 (Groundball, 4, EV 87.5 MPH)
Batting: LHB Greg Lepley 0-0: Ground out 4-3 (Groundball, 4, EV 87.5 MPH)
Batting: LHB Manuel Fuentes 0-0: Called Strike
0-1: Fly out, F9 (Flyball, 9LM, EV 90.0 MPH)
Top of the 5th over - 0 runs, 0 hits, 0 errors, 0 left on base; Washington 4 - Fargo-Moorhead 1
BOTTOM OF THE 5TH
Fargo-Moorhead RedHawks batting - Pitching for Washington Whalers : RHP Steven Estes
Batting: RHB Jim James 0-0: Ball
1-0: Swinging Strike
1-1: Ball
2-1: Ball
3-1: Fly out, F7 (Flyball, 7, EV 87.5 MPH)
Batting: LHB Corey Olsen 0-0: SINGLE (Line Drive, 34D, EV 104.4 MPH)
Batting: RHB John Keddie 0-0: Ball
1-0: Ball
2-0: Foul Ball, location: 9LSF
2-1: Grounds into double play, 5-4-3 (Groundball, 56, EV 103.8 MPH)
Bottom of the 5th over - 0 runs, 1 hit, 0 errors, 0 left on base; Washington 4 - Fargo-Moorhead 1
TOP OF THE 6TH
Washington Whalers batting - Pitching for Fargo-Moorhead RedHawks : RHP Frank Neary
Batting: RHB Michinobu Umetsu 0-0: Called Strike
0-1: Ball
1-1: Ball
2-1: Ground out 5-3 (Groundball, 56, EV 81.9 MPH)
Batting: LHB Caleb Mattingly 0-0: Ball
1-0: Ball
2-0: Ball
3-0: Called Strike
3-1: Foul Ball, location: 5FF
3-2: Foul Ball, location: 3F
3-2: Foul Ball, location: 3SF
3-2: Strikes out swinging
Batting: RHB Gabe Plaza 0-0: Fly out, F8 (Flyball, 89M, EV 94.4 MPH)
Top of the 6th over - 0 runs, 0 hits, 0 errors, 0 left on base; Washington 4 - Fargo-Moorhead 1
BOTTOM OF THE 6TH
Fargo-Moorhead RedHawks batting - Pitching for Washington Whalers : RHP Steven Estes
Batting: RHB Victor Rodriguez 0-0: Foul Ball, location: 5F
0-1: Ball
1-1: Ball
2-1: Ball
3-1: SOLO HOME RUN (Flyball, 7LD, EV 93.1 MPH), Distance : 339 ft
Batting: LHB Ben Grosser 0-0: Called Strike
0-1: Ball
1-1: Foul Ball, location: 5FF
1-2: Ground out 5-3 (Groundball, 5D, EV 95.6 MPH)
Batting: RHB Hector Gonzales 0-0: Ball
1-0: Ball
2-0: Ball
3-0: Base on Balls
Batting: RHB Juan Chavez 0-0: Called Strike
0-1: Called Strike
0-2: Ball
Wild Pitch!
Hector Gonzales to second
1-2: SINGLE (Line Drive, 78M, EV 105.0 MPH)
Hector Gonzales to third
Batting: SHB Danny Duran 0-0: Fly out, F7 (Flyball, 78S, EV 96.3 MPH)
Batting: LHB Nate Fitzhugh 0-0: Ball
1-0: Foul Ball, location: 2F
1-1: Ball
2-1: Ball
3-1: Base on Balls
Juan Chavez to second
Pinch Hitting: RHB Oltion Rodeheaver 0-0: Called Strike
0-1: Called Strike
0-2: Ball
1-2: Strikes out swinging
Bottom of the 6th over - 1 run, 2 hits, 0 errors, 3 left on base; Washington 4 - Fargo-Moorhead 2
TOP OF THE 7TH
Washington Whalers batting - Pitching for Fargo-Moorhead RedHawks : RHP Frank Neary
Now at SS: Hisornori Watanabe
Batting: RHB Colby Magee 0-0: Ball
1-0: Ball
2-0: Swinging Strike
2-1: Fly out, F8 (Flyball, 8RM, EV 91.9 MPH)
Batting: RHB Miguel Valensuela 0-0: Swinging Strike
0-1: Swinging Strike
0-2: Ball
1-2: Foul Ball, location: 2F
1-2: SINGLE (Flyball, 4D, EV 100.0 MPH)
Batting: RHB Bill Galdamez 0-0: Called Strike
0-1: Foul Ball, location: 5F
0-2: TRIPLE (Flyball, 9LD, EV 106.9 MPH)
Miguel Valensuela scores
Pitching: RHP Erik Richmond
Batting: LHB Matt DeVito 0-0: Foul Ball, location: 2F
0-1: Ball
1-1: Fly out, F3 (Line Drive, 3L, EV 65.0 MPH)
Batting: LHB Greg Lepley 0-0: Swinging Strike
0-1: Ground out 4-3 (Groundball, 34D, EV 106.9 MPH)
Top of the 7th over - 1 run, 2 hits, 0 errors, 1 left on base; Washington 5 - Fargo-Moorhead 2
BOTTOM OF THE 7TH
Fargo-Moorhead RedHawks batting - Pitching for Washington Whalers : RHP Steven Estes
Batting: LHB Corey Olsen 0-0: Ball
1-0: DOUBLE (Line Drive, 7LS, EV 93.1 MPH)
Batting: RHB John Keddie 0-0: Ball
1-0: Swinging Strike
1-1: Foul Ball, location: 9LDF
1-2: Ball
2-2: Foul Ball, location: 2F
2-2: Ground out 5-3 (Groundball, 5, EV 85.0 MPH)
Pitching: RHP Jose Reategui
Batting: RHB Victor Rodriguez 0-0: Called Strike
0-1: Ball
1-1: Foul Ball, location: 3F
1-2: Strikes out swinging
Batting: LHB Ben Grosser 0-0: Foul Ball, location: 2F
0-1: Foul Ball, location: 9LMF
0-2: Ball
1-2: Foul Ball, location: 2F
1-2: Ball
2-2: Ball
3-2: Foul Ball, location: 7LSF
3-2: Foul Ball, location: 2F
3-2: Ground out 4-3 (Groundball, 34D, EV 76.9 MPH)
Bottom of the 7th over - 0 runs, 1 hit, 0 errors, 1 left on base; Washington 5 - Fargo-Moorhead 2
TOP OF THE 8TH
Washington Whalers batting - Pitching for Fargo-Moorhead RedHawks : RHP Erik Richmond
Batting: LHB Manuel Fuentes 0-0: Ball
1-0: Foul Ball, location: 2F
1-1: Ground out 1-3 (Groundball, 34S, EV 71.3 MPH)
Batting: RHB Michinobu Umetsu 0-0: Ball
1-0: Called Strike
1-1: Ball
2-1: Foul Ball, location: 9LMF
2-2: Strikes out swinging
Batting: LHB Caleb Mattingly 0-0: Called Strike
0-1: SINGLE (Groundball, 15S, EV 63.8 MPH) (infield hit)
Batting: RHB Gabe Plaza 0-0: Foul Ball, location: 2F
0-1: Foul Ball, location: 3FF
0-2: Ball
Caleb Mattingly is caught stealing 2nd base 2-4
Top of the 8th over - 0 runs, 1 hit, 0 errors, 0 left on base; Washington 5 - Fargo-Moorhead 2
BOTTOM OF THE 8TH
Fargo-Moorhead RedHawks batting - Pitching for Washington Whalers : RHP Jose Reategui
Batting: RHB Hector Gonzales 0-0: Swinging Strike
0-1: Ball
1-1: Swinging Strike
1-2: Foul Ball, location: 9LSF
1-2: Strikes out swinging
Batting: RHB Juan Chavez 0-0: Ball
1-0: Called Strike
1-1: Called Strike
1-2: Ball
2-2: SOLO HOME RUN (Flyball, 7LD, EV 90.6 MPH), Distance : 331 ft
Batting: SHB Danny Duran 0-0: Ball
1-0: Foul Ball, location: 25FF
1-1: Foul Ball, location: 7LDF
1-2: Ball
2-2: Ball
3-2: Base on Balls
Batting: LHB Nate Fitzhugh 0-0: Ball
1-0: Called Strike
1-1: Ball
2-1: Foul Ball, location: 23F
2-2: Grounds into double play, 6-4-3 (Groundball, 6, EV 105.0 MPH)
Bottom of the 8th over - 1 run, 1 hit, 0 errors, 0 left on base; Washington 5 - Fargo-Moorhead 3
TOP OF THE 9TH
Washington Whalers batting - Pitching for Fargo-Moorhead RedHawks : RHP Erik Richmond
Batting: RHB Gabe Plaza 0-0: Foul Ball, location: 3F
0-1: Fly out, F9 (Flyball, 89S, EV 95.0 MPH)
Batting: RHB Colby Magee 0-0: Ball
1-0: Ball
2-0: Swinging Strike
2-1: Ball
3-1: SINGLE (Line Drive, 4D, EV 73.1 MPH)
Batting: RHB Miguel Valensuela 0-0: Foul Ball, location: 23F
0-1: Fly out, F9 (Flyball, 89XD, EV 96.3 MPH)
Batting: RHB Bill Galdamez 0-0: Ball
1-0: Called Strike
1-1: Foul Ball, location: 9LDF
1-2: Ball
2-2: Foul Ball, location: 3F
2-2: Strikes out swinging
Top of the 9th over - 0 runs, 1 hit, 0 errors, 1 left on base; Washington 5 - Fargo-Moorhead 3
BOTTOM OF THE 9TH
Fargo-Moorhead RedHawks batting - Pitching for Washington Whalers : RHP Jose Reategui
Pitching: LHP Rob Ward
Batting: RHB Hisornori Watanabe 0-0: Fly out, F8 (Flyball, 8LS, EV 87.5 MPH)
Batting: LHB Corey Olsen 0-0: Called Strike
0-1: Ball
1-1: Called Strike
1-2: Foul Ball, location: 2F
1-2: Strikes out swinging
Batting: RHB John Keddie 0-0: Ball
1-0: Ball
2-0: Swinging Strike
2-1: Foul Ball, location: 25F
2-2: Ball
3-2: Foul Ball, location: 2F
3-2: Foul Ball, location: 9LMF
3-2: Strikes out swinging
Bottom of the 9th over - 0 runs, 0 hits, 0 errors, 0 left on base; Washington 5 - Fargo-Moorhead 3
Saturday, May 11th , 2024 - OOTP Baseball 24.11 Build 85